 Dungeon Crawl Stone Soup version 0.27-a0-1196-g3e9cee4cb2 (console) character file.

Game seed: 17330850464492544611

22 Hector the Skirmisher (level 2, -2/19 HPs)
             Began as a Gargoyle Abyssal Knight on May 29, 2021.
             Was a Follower of Lugonu.
             Slain by a gnoll
             ... wielding a +0 flail
              (4 damage)
             ... on level 1 of the Dungeon.
             The game lasted 00:01:31 (912 turns).

Hector the Skirmisher (Gargoyle Abyssal Knight)      Turns: 912, Time: 00:01:32

Health: -2/19      AC:  8    Str: 15    XL:     2   Next: 91%
Magic:  3/3        EV: 10    Int: 12    God:    Lugonu [*.....]
Gold:   11         SH:  0    Dex:  9    Spells: 1/1 levels left

rFire    . . .     SeeInvis .   a - +1 hand axe
rCold    . . .     Faith    .   (no shield)
rNeg     + . .     Spirit   .   d - +0 ring mail
rPois    ∞         Reflect  .   (no helmet)
rElec    +         Harm     .   (no cloak)
rCorr    .         Rampage  .   (no gloves)
Will     .....                  (no boots)
Stlth    ..........             (no amulet)
HPRegen  0.06/turn              (no ring)
MPRegen  0.08/turn              (no ring)

@: no status effects
A: sickness immunity, AC +2, negative energy resistance 1, electricity
resistance, torment resistance 1, petrification resistance
a: Renounce Religion, Depart the Abyss


You were on level 1 of the Dungeon.
You worshipped Lugonu.
Lugonu was aware of your devotion.
You visited 1 branch of the dungeon, and saw 2 of its levels.
You visited the Abyss 1 time.

You collected 11 gold pieces.

Inventory:

Hand Weapons
 a - a +1 hand axe (weapon)
Missiles
 c - 14 stones
Armour
 b - a +0 leather armour
 d - a +0 ring mail (worn)
Scrolls
 e - a scroll of teleportation {unknown}
 g - a scroll of magic mapping {unknown}
Potions
 f - a potion of lignification {unknown}
 h - 3 potions of curing {unknown}
 i - a potion of degeneration {unknown}


   Skills:
 - Level 3.2 Fighting
 + Level 3.0 Axes
 - Level 2.1 Armour
 - Level 0.7 Dodging
 - Level 2.0 Invocations


You had one spell level left.
You didn't know any spells.
Your spell library was empty.

Dungeon Overview and Level Annotations

Branches:
Dungeon (2/15)

Altars:

Shops:
D:1 =


Innate Abilities, Weirdness & Mutations

You are immune to sickness and miasma.
Your stone body is resilient. (AC +2)
You are immune to poison.
You resist negative energy. (rN+)
You are resistant to electric shocks. (rElec)
You are resistant to unholy torment.
You are immune to petrification.


Message History

The adder bites you.
* * * LOW HITPOINT WARNING * * *
You slash the adder!
You kill the adder!
Lugonu accepts your kill.
Your Axes skill increases to level 3!
You start resting.
HP restored.
There is a stone staircase leading down here.
You climb downwards.
A goblin, 3 gnolls and a kobold come into view.
A gnoll is wielding a +0 whip of draining.
The goblin shouts!
The gnoll shouts! x3; The kobold shouts!
There is a stone staircase leading up here.
The gnoll hits you with a +0 flail. The kobold hits you but does no damage.
The gnoll barely misses you.
You climb upwards.
There is a stone staircase leading down here.
You closely miss the gnoll. You closely miss the kobold.
The gnoll hits you but does no damage. The kobold hits you but does no damage.
You barely miss the gnoll. You barely miss the kobold.
The gnoll hits you with a +0 flail!
Ouch! That really hurt!
The kobold hits you but does no damage.
You are too injured to fight recklessly!
You are too injured to fight recklessly!
You are too injured to fight recklessly!
You hit the gnoll.
The gnoll is lightly wounded.
You closely miss the kobold. The gnoll hits you but does no damage.
The kobold hits you but does no damage.
You hit the gnoll.
The gnoll is moderately wounded.
You hit the kobold but do no damage. The gnoll hits you with a +0 flail.
* * * LOW HITPOINT WARNING * * *
The kobold barely misses you.
You hit the gnoll but do no damage.
The gnoll is moderately wounded.
You miss the kobold. The gnoll hits you with a +0 flail.
You die...

##.# #..........# #..........
#..# #..........# #..(......#
#.## #..........# ##.........#
#.####..........###..........#
#.##....#....................#
####....####....................#
........#...........###.........#
.#####+########gK.......######...
.............<#.@.#...##### ##...
##.......######...###.....###....
###..♣..## #......##..###...#....
#.##...## ########..## ###......
#..##.## ####>## ##..... #...###
###....# #..... .....#
#######...###########.....
.....###.......####...)...###....
...............## #..............


You could see a gnoll and a kobold.

Vanquished Creatures
  An adder (D:1)
  3 bats (D:1)
  A giant cockroach (D:2)
  A goblin (D:1)
  3 hobgoblins
  A kobold (D:1)
  A rat (D:1)
11 creatures vanquished.

Vanquished Creatures (others)
  2 fungi (D:2)
2 creatures vanquished.

Grand Total: 13 creatures vanquished

Notes
Turn   | Place    | Note
-------+----------+-------------------------------------------
     0 | Abyss:1  | Hector the Gargoyle Abyssal Knight began the quest for the
                  | Orb.
     0 | Abyss:1  | Reached XP level 1. HP: 14/14 MP: 2/2
    60 | Abyss:1  | Found a corrupted altar of Lugonu.
    60 | Abyss:1  | Noticed a tentacled starspawn
    60 | Abyss:1  | Noticed a ynoxinul
    61 | D:1      | Escaped the Abyss
   147 | D:1      | Found Ixykan's Jewellery Shop.
   152 | D:1      | Reached * piety under Lugonu
   201 | D:1      | Reached XP level 2. HP: 19/19 MP: 3/3
   912 | D:1      | Slain by a gnoll

Illustrated notes

Levels and vault maps discovered:
D:1:      amcnicky_arrival_feature_with_door, layout_rooms, serial_shops, shop,
          amcnicky_mini_corridor_feature
D:2:      layout_rooms, basic_altar, shapermc_ecumenical_altar_totnotflames,
          item_on_display_a, uniq_crazy_yiuf_cottage

Skill      XL: |  1  2 |
---------------+-------+-----
Axes           | 2 3 |  3.0
Fighting       | |  3.2
Armour         | |  2.1
Dodging        | |  0.7
Invocations    | |  2.0

Action                   || total
-------------------------++-------
Melee: Hand axe          ||    41
Invok: Depart the Abyss  ||     1
Armor: Ring mail         ||    29
Dodge: Dodged            ||    17

Table legend: (Time is in decaauts)
 A = Elapsed time spent in this place.
 B = Non-inter-level travel time spent in this place.
 C = Inter-level travel time spent in this place.
 D = Time resting spent in this place.
 E = Time spent auto-exploring this place.
 F = Levels seen in this place.
 G = Mean time per level.
                   A        B        C        D        E       F      G
               +--------+--------+--------+--------+--------+-----+--------+
         Total |    919 |    886 |     33 |    295 |    479 |   3 |  306.3 |
       Dungeon |    858 |    825 |     33 |    295 |    429 |   2 |  429.0 |
         Abyss |     61 |     61 |      0 |      0 |     50 |   1 |   61.0 |
               +--------+--------+--------+--------+--------+-----+--------+

Top non-repeatable levels by time:
     D:1: 833 daAuts
 Abyss:1: 61 daAuts
     D:2: 25 daAuts
